 Dungeon Crawl Stone Soup version 0.26-a0-648-g87339cca5e (webtiles) character file.

Game seed: 3659346449313980718

123 Descartes the Conjurer (level 4, -4/24 HPs)
             Began as a Deep Elf Conjurer on Sept 24, 2020.
             Was an Initiate of Gozag.
             Slain by Grinder (6 damage)
             ... on level 3 of the Dungeon.
             The game lasted 00:03:31 (2623 turns).

Descartes the Conjurer (Deep Elf Conjurer)          Turns: 2623, Time: 00:03:32

Health: -4/24      AC:  2    Str:  4    XL:     4   Next: 79%
Magic:  7/11       EV: 13    Int: 24    God:    Gozag
Gold:   239        SH:  4    Dex: 13    Spells: 9/10 levels left

rFire    . . .     SeeInvis .   v - +0 rapier
rCold    . . .     Faith    .   c - +0 buckler
rNeg     . . .     Spirit   .   a - +0 robe
rPois    .         Reflect  .   (no helmet)
rElec    .         Harm     .   (no cloak)
rCorr    .         Rampage  .   (no gloves)
MR       .....                  (no boots)
Stlth    ++........             (no amulet)
HPRegen  0.08/turn              (no ring)
MPRegen  0.12/turn              (no ring)

@: mighty
A: no striking features
a: Potion Petition, Call Merchant, Bribe Branch, Renounce Religion


You were on level 3 of the Dungeon.
You worshipped Gozag.
Gozag was aware of your devotion.
You visited 1 branch of the dungeon, and saw 3 of its levels.

You collected 265 gold pieces.
You paid 26 gold pieces to Gozag.

Inventory:

Hand Weapons
 v - a +0 rapier (weapon)
Missiles
 b - 76 stones (quivered)
 h - 62 poisoned darts
 y - 8 arrows
Armour
 a - a +0 robe (worn)
 c - a +0 buckler (worn)
 j - a +0 tower shield
 p - a +0 kite shield
Jewellery
 q - a cursed ring of teleportation {unknown}
Wands
 s - a wand of iceblast (8)
Scrolls
 d - 4 scrolls of teleportation {unknown}
 f - a scroll of fear {unknown}
 i - 2 scrolls of blinking {unknown}
 l - 4 scrolls of identify {unknown}
 m - 2 scrolls of random uselessness {unknown}
 o - 4 scrolls of amnesia {unknown}
 r - a scroll of immolation {unknown}
 u - 2 scrolls of enchant weapon {unknown}
 B - a scroll of magic mapping {unknown}
Potions
 e - a potion of lignification {unknown}
 g - a potion of berserk rage {unknown}
 k - a potion of degeneration {unknown}
 n - a potion of heal wounds {unknown}
 t - a potion of haste {unknown}
 w - a potion of curing {unknown}
 x - a potion of cancellation {unknown}
 z - 2 potions of magic {unknown}


   Skills:
 + Level 3.2 Dodging
 + Level 3.5 Stealth
 * Level 2.0 Shields
 + Level 3.8 Spellcasting
 + Level 4.8 Conjurations


You had 9 spell levels left.
You knew the following spells:

 Your Spells              Type           Power        Failure   Level
a - Magic Dart            Conj           ####         1%          1

Your spell library contained the following spells:

 Spells                   Type           Power        Failure   Level
 Searing Ray              Conj           ####..       2%          2
 Dazzling Flash           Conj/Hex       ###...       14%         3
 Fulminant Prism          Conj/Hex       ###.......   43%         4
 Iskenderun's Mystic Bla  Conj/Tloc      ###.....     43%         4


Dungeon Overview and Level Annotations

Branches:
Dungeon (3/15)

Altars:
Gozag
Kikubaaqudgha
Sif Muna
The Shining One

Annotations:
D:3 1 runed translucent door, Crazy Yiuf, Grinder


Message History

Aiming: Magic Dart (safe; 1% risk of failure)
Press: ? - help, Shift-Dir - straight line, f/p - Grinder
Aim: Grinder (lightly wounded, strong)
The magic dart hits Grinder.
Grinder is moderately wounded.
Grinder barely misses you.
You feel very mighty all of a sudden. Grinder barely misses you.
You puncture Grinder!
Grinder is heavily wounded.
Grinder says, "FISH!"
Grinder closely misses you.
You barely miss Grinder.
Grinder is heavily wounded.
Grinder barely misses you.
You closely miss Grinder.
Grinder is moderately wounded.
Grinder hits you.
You die...
Your body crumbles into a pile of gold.

##....####
#.......#
##.#.#
###.#####
##># #.# .
#.# #####.#
#.....# #
#.#####
#.##.###.#
#....5@..#
...##.#####
.. ## $


You could see Grinder (strong).

Vanquished Creatures
  Natasha (twice) (D:3)
  A gnoll (D:1)
  An adder (D:2)
  2 worms (D:2)
  2 dart slugs (D:1)
  2 leopard geckos (D:2)
  An orc (D:3)
  5 bats
  4 giant cockroaches
  4 goblins
  4 hobgoblins
  3 kobolds
  A quokka (D:2)
  A ball python (D:1)
  5 frilled lizards
  7 rats
45 creatures vanquished.

Notes
Turn   | Place    | Note
-------+----------+-------------------------------------------
     0 | D:1      | Descartes the Deep Elf Conjurer began the quest for the
                  | Orb.
     0 | D:1      | Reached XP level 1. HP: 10/10 MP: 6/6
   215 | D:1      | Reached XP level 2. HP: 15/15 MP: 4/8
   481 | D:1      | Reached skill level 1 in Shields
   550 | D:1      | Reached XP level 3. HP: 19/19 MP: 3/9
  1082 | D:2      | Found an opulent altar of Gozag.
  1093 | D:2      | Became a worshipper of Gozag Ym Sagoz the Greedy
  1170 | D:2      | Found a glowing golden altar of the Shining One.
  1179 | D:2      | Found a shimmering blue altar of Sif Muna.
  1514 | D:2      | Found an ancient bone altar of Kikubaaqudgha.
  2203 | D:3      | Found a runed translucent door.
  2204 | D:3      | Noticed Crazy Yiuf
  2329 | D:3      | Reached XP level 4. HP: 24/24 MP: 7/11
  2455 | D:3      | Noticed Natasha
  2461 | D:3      | Killed Natasha
  2497 | D:3      | Noticed Natasha
  2502 | D:3      | Killed Natasha
  2610 | D:3      | Noticed Grinder
  2614 | D:3      | Paralysed by Grinder for 5 turns
  2623 | D:3      | Slain by Grinder

Illustrated notes

Levels and vault maps discovered:
D:1:      giann_horns, layout_basic
D:2:      cheibrodos_helix_gallery, layout_basic, lemuel_doored_altar,
          minitemple, grunt_gozag_statues
D:3:      layout_loops_cross, uniq_natasha, uniq_crazy_yiuf_cottage,
          uniq_grinder

Skill      XL: |  1  2  3  4 |
---------------+-------------+-----
Shields        | 1 2 |  2.0
Stealth        | 3 |  3.5
Dodging        | 3 |  3.2
Spellcasting   | |  3.8
Conjurations   | |  4.8

Action                   |  1- 3 |  4- 6 || total
-------------------------+-------+-------++-------
Melee: Rapier            |       |     3 ||     3
 Cast: Magic Dart        |    84 |    24 ||   108
  Use: Potion            |       |     1 ||     1
Dodge: Dodged            |     6 |     4 ||    10
Block: Buckler           |     2 |       ||     2

Table legend: (Time is in decaauts)
 A = Elapsed time spent in this place.
 B = Non-inter-level travel time spent in this place.
 C = Inter-level travel time spent in this place.
 D = Time resting spent in this place.
 E = Time spent auto-exploring this place.
 F = Levels seen in this place.
 G = Mean time per level.
                   A        B        C        D        E       F      G
               +--------+--------+--------+--------+--------+-----+--------+
         Total |   2629 |   2572 |     57 |      0 |   2336 |   3 |  876.3 |
       Dungeon |   2629 |   2572 |     57 |      0 |   2336 |   3 |  876.3 |
               +--------+--------+--------+--------+--------+-----+--------+

Top non-repeatable levels by time:
     D:2: 1207 daAuts
     D:1: 958 daAuts
     D:3: 464 daAuts
